 Dungeon Sprint DCSS version 0.29.1 (webtiles) character file.

Game seed: 9057394276851821696

3 rocky1 the Trooper (level 1, 0/20 HPs)
             Began as a Minotaur Fighter on Sept 13, 2022.
             Slain by a human (8 damage)
             ... in the Dungeon (Sprint III: "The Ten Rune Challenge").
             The game lasted 00:00:16 (110 turns).

rocky1 the Trooper (Minotaur Fighter)                Turns: 110, Time: 00:00:17

Health: 0/20       AC:  7    Str: 20    XL:     1   Next: 41%
Magic:  0/0        EV:  9    Int:  5    God:
Gold:   0          SH:  4    Dex:  9    Spells: 0/0 levels left

rFire   . . .      SeeInvis .   a - +0 long sword
rCold   . . .      Faith    .   c - +0 buckler
rNeg    . . .      Spirit   .   b - +0 scale mail
rPois   .          Reflect  .   (helmet restricted)
rElec   .          Harm     .   (no cloak)
rCorr   .          Rampage  .   (no gloves)
Will    .....      NoTele   +   (no boots)
Stlth   ..........              (no amulet)
HPRegen 0.06/turn               (no ring)
MPRegen 0.07/turn               (no ring)

@: no status effects
A: horns 2, retaliatory headbutt
a: no special abilities


You were in the Dungeon.
You visited 1 branch

Inventory:

Hand Weapons
 a - a +0 long sword (weapon)
Armour
 b - a +0 scale mail (worn)
 c - a +0 buckler (worn)
Scrolls
 j - a scroll of blinking
Potions
 d - a potion of might
 e - a potion of curing
 f - a potion of heal wounds
 g - a potion of haste
 h - 2 potions of magic
 i - a potion of berserk rage
 k - 2 potions of brilliance {unknown}


   Skills:
 + Level 4.1 Fighting
 + Level 2.6 Long Blades
 + Level 4.1 Armour
 + Level 4.1 Shields


You couldn't memorise any spells.
You didn't know any spells.
Your spell library was empty.

Dungeon Overview and Level Annotations

Branches:
Dungeon (1/1)

Altars:


Innate Abilities, Weirdness & Mutations

You have a pair of horns on your head.
You reflexively headbutt those who attack you in melee.


Message History

The rat bites you but does no damage.
You closely miss the rat. Your headbutt misses the rat.
The rat bites you but does no damage.
You barely miss the rat. You headbutt the rat, but do no damage.
The rat bites you but does no damage. You block the rat's attack.
You barely miss the rat. Your headbutt misses the rat.
The rat bites you but does no damage.
You slash the rat!
You kill the rat!
You see here a rat corpse.
You open the door.
There is an open door here.
A human comes into view.
The human barely misses you. The human barely misses you.
You barely miss the human. Your headbutt misses the human.
The human barely misses you. You block the human's attack.
You hit the human but do no damage. The human hits you.
You hit the human. You headbutt the human.
The human is moderately wounded.
The human hits you but does no damage.
You hit the human.
The human is moderately wounded.
The human closely misses you.
You miss the human. Your headbutt misses the human.
The human is moderately wounded.
The human misses you. The human barely misses you.
You closely miss the human.
The human is moderately wounded.
The human barely misses you.
You closely miss the human.
The human is moderately wounded.
The human hits you!
You closely miss the human. Your headbutt misses the human.
The human is moderately wounded.
The human hits you. The human hits you but does no damage.
You closely miss the human. You headbutt the human!
The human is heavily wounded.
The human hits you!
You die...

▓.†...#
▓.....#...~~.♣♣ .#
▓.....#..~~~~.♣♣..+
▓####'#..~≈≈~~~♣..#
▓[...†#.~~≈~~~....#
▓.....#.~≈~~~.....#
▓.....#.~~~.......#
▓'#####.....p.....#
▓...........@.....#
▓▓▓▓▓▓▓▓▓▓▓▓▓▓▓▓▓▓▓


You could see a human.

Vanquished Creatures
  An endoplasm (D)
  3 rats (D)
4 creatures vanquished.

Notes
Turn   | Place    | Note
-------+----------+-------------------------------------------
     0 | D        | rocky1 the Minotaur Fighter began the quest for the Orb.
     0 | D        | Reached XP level 1. HP: 19/19 MP: 0/0
   110 | D        | Slain by a human

Illustrated notes

Levels and vault maps discovered:
D:        dungeon_sprint_mu [sprint_mu_entry_forest, sprint_mu_temple_rooms,
          sprint_mu_d1_horrors, sprint_mu_d2_genie, sprint_mu_d3_branching,
          sprint_mu_orc_legion, sprint_mu_elf_gauntlet, sprint_mu_hive_nellie,
          sprint_mu_lair_fedhas, sprint_mu_vaults_butterflies,
          sprint_mu_slime_circle, sprint_mu_shoals_archi,
          sprint_mu_snake_twists, sprint_mu_blade_basic,
          sprint_mu_crypt_fortress, sprint_mu_tomb_spiral,
          sprint_mu_vestibule_basic, sprint_mu_gehenna_hellfire,
          sprint_mu_dis_giant, sprint_mu_tartarus_statrot,
          sprint_mu_cocytus_islands, sprint_mu_zot1]

Skill      XL: |  1 |
---------------+----+-----
Fighting       | 4 |  4.1
Armour         | 4 |  4.1
Shields        | 4 |  4.1
Long Blades    | |  2.6

Action                   || total
-------------------------++-------
Melee: Long sword        ||    18
       Headbutt          ||     3
Armor: Scale mail        ||     6
Dodge: Dodged            ||     8
Block: Buckler           ||     4
